[ AOE2 MATCH · #467865594 ]
UnrankedWei vs Khmer
[ REPLAY ANALYSIS · EXTRACTED FROM THE RECORDED GAME ]
Feudal
8:53
Castle
—
Imperial
—
| APM avg | 78.4 |
| APM peak | 112 |
| eAPM avg | 39.4 |
| Villagers / military | 40 / 19 |
Focus
⚔️ 55.3% · 🌾 44.7%
Scout Cavalry ×19
Feudal
9:01
Castle
—
Imperial
—
| APM avg | 54.3 |
| APM peak | 81 |
| eAPM avg | 17.4 |
| Villagers / military | 38 / 20 |
Focus
⚔️ 38.2% · 🌾 61.8%
Scout Cavalry ×20
Feudal
8:51
Castle
—
Imperial
—
| APM avg | 61.6 |
| APM peak | 98 |
| eAPM avg | 15.9 |
| Villagers / military | 50 / 21 |
Focus
⚔️ 22.9% · 🌾 77.1%
Scout Cavalry ×21
Feudal
8:31
Castle
—
Imperial
—
| APM avg | 69.5 |
| APM peak | 101 |
| eAPM avg | 21.3 |
| Villagers / military | 43 / 24 |
Focus
⚔️ 46.6% · 🌾 53.4%
Scout Cavalry ×24
Feudal
8:06
Castle
—
Imperial
—
| APM avg | 69.2 |
| APM peak | 161 |
| eAPM avg | 41.5 |
| Villagers / military | 43 / 36 |
Focus
⚔️ 64.5% · 🌾 35.5%
Archer ×36
Feudal
9:19
Castle
—
Imperial
—
| APM avg | 71.4 |
| APM peak | 143 |
| eAPM avg | 24.7 |
| Villagers / military | 43 / 33 |
Focus
⚔️ 55.0% · 🌾 45.0%
Archer ×33
Feudal
8:51
Castle
—
Imperial
—
| APM avg | 54.6 |
| APM peak | 75 |
| eAPM avg | 27.1 |
| Villagers / military | 62 / 39 |
Focus
⚔️ 59.6% · 🌾 40.4%
Archer ×39
Feudal
8:53
Castle
—
Imperial
—
| APM avg | 61.9 |
| APM peak | 96 |
| eAPM avg | 24.4 |
| Villagers / military | 42 / 25 |
Focus
⚔️ 55.8% · 🌾 44.2%
Archer ×25
Match map
Initial resources + every placement click. Lines = walls · curves = elevation contours. ◆ gold · ⬟ stone · ● berries · ✦ relic · ◌ wall gap
Your base· Open — 4t gap
微笑矮袋鼠's base· Open — unwalled flank
Ryukgit's base· Open — 5t gap
復健中's base· Open — unwalled flank
BSL | Dr.Kozmonot's base· Open — unwalled flank
ANKR.ice cream's base· Open — unwalled flank
爱雀大帝's base· Open — unwalled flank
[TNT] KKKFFFFFFCC's base· Open — unwalled flank
Smoothed initial terrain · ◌ = detected wall gap · hover for details
Inputs per minute
— 恶魔喧哗 - - 微笑矮袋鼠
Build order — 恶魔喧哗
124 actions detected in the replay
| 0:00 | Create | Villager (Male) |
| 0:01 | Build | House |
| 0:02 | Build | House |
| 0:05 | Create | Villager (Male) ×3 |
| 1:24 | Create | Villager (Male) |
| 1:48 | Build | Lumber Camp |
| 1:58 | Create | Villager (Male) |
| 2:14 | Create | Villager (Male) |
| 2:39 | Create | Villager (Male) |
| 3:08 | Create | Villager (Male) |
| 3:22 | Create | Villager (Male) |
| 3:38 | Create | Villager (Male) |
| 3:43 | Build | House |
| 4:03 | Create | Villager (Male) |
| 4:22 | Create | Villager (Male) |
| 4:28 | Create | Villager (Male) |
| 4:47 | Create | Villager (Male) |
| 4:48 | Create | Villager (Male) |
| 5:14 | Build | Mill |
| 5:19 | Create | Villager (Male) |
| 6:43 | Research | Feudal Age |
| 7:01 | Build | Lumber Camp |
| 8:09 | Build | House |
| 8:11 | Build | Barracks |
| 8:25 | Create | Villager (Male) |
| 8:35 | Research | Loom |
| 8:53 | Age | Feudal Age |
| 9:00 | Create | Villager (Male) |
| 9:08 | Build | Stable |
| 9:14 | Research | Double-Bit Axe |
| 9:22 | Build | House |
| 9:30 | Create | Villager (Male) |
| 9:39 | Research | Horse Collar |
| 9:45 | Build | Palisade Wall |
| 9:48 | Build | House |
| 9:49 | Create | Scout Cavalry |
| 9:50 | Create | Scout Cavalry |
| 9:50 | Create | Scout Cavalry |
| 9:50 | Create | Scout Cavalry |
| 9:52 | Create | Villager (Male) |
| 9:56 | Build | House |
| 10:12 | Build | Farm |
| 10:14 | Create | Villager (Male) |
| 10:28 | Build | Farm |
| 10:34 | Create | Villager (Male) |
| 10:48 | Build | Farm |
| 10:50 | Build | Farm |
| 10:59 | Create | Scout Cavalry |
| 11:03 | Build | Farm |
| 11:10 | Build | Farm |
| 11:22 | Create | Villager (Male) |
| 11:27 | Build | Farm |
| 11:29 | Build | Farm |
| 11:37 | Build | House |
| 11:48 | Create | Villager (Male) |
| 11:49 | Build | Farm |
| 11:56 | Create | Villager (Male) |
| 11:57 | Build | House |
| 11:59 | Build | Farm |
| 12:14 | Build | Farm |
| 12:22 | Build | Farm |
| 12:24 | Create | Scout Cavalry |
| 12:32 | Create | Villager (Male) |
| 12:38 | Build | Farm |
| 12:43 | Build | House |
| 12:46 | Create | Villager (Male) |
| 12:57 | Build | Farm |
| 12:59 | Create | Scout Cavalry |
| 13:05 | Build | Palisade Wall |
| 13:10 | Build | Farm |
| 13:17 | Create | Villager (Male) |
| 13:21 | Build | House |
| 13:25 | Create | Scout Cavalry |
| 13:36 | Build | Farm |
| 13:39 | Build | House |
| 13:44 | Create | Villager (Male) |
| 13:51 | Create | Scout Cavalry |
| 13:54 | Build | Palisade Wall |
| 14:09 | Create | Villager (Male) |
| 14:12 | Build | Mining Camp |
| 14:15 | Build | Mining Camp |
| 14:18 | Create | Scout Cavalry |
| 14:26 | Create | Villager (Male) |
| 14:32 | Build | Palisade Wall |
| 14:36 | Build | Palisade Wall |
| 14:39 | Create | Scout Cavalry |
| 14:49 | Create | Scout Cavalry |
| 14:56 | Build | Blacksmith |
| 15:00 | Create | Villager (Male) |
| 15:07 | Build | Farm |
| 15:14 | Create | Villager (Male) |
| 15:16 | Build | Farm |
| 15:32 | Research | Scale Barding Armor |
| 15:38 | Research | Bloodlines |
| 15:41 | Build | Farm |
| 15:46 | Create | Villager (Male) |
| 15:47 | Build | Farm |
| 16:00 | Build | Farm |
| 16:07 | Create | Villager (Male) |
| 16:15 | Build | Farm |
| 16:18 | Build | Palisade Gate |
| 16:20 | Build | Palisade Wall |
| 16:25 | Create | Villager (Male) |
| 16:28 | Create | Scout Cavalry |
| 16:35 | Create | Scout Cavalry |
| 16:46 | Build | Mining Camp |
| 16:53 | Create | Scout Cavalry |
| 16:59 | Research | Wheelbarrow |
| 17:12 | Research | Forging |
| 17:31 | Research | Stone Mining |
| 17:55 | Create | Scout Cavalry |
| 17:55 | Create | Scout Cavalry |
| 17:57 | Create | Villager (Male) |
| 18:13 | Create | Villager (Male) |
| 18:14 | Create | Scout Cavalry |
| 18:18 | Research | Gold Mining |
| 18:28 | Build | Palisade Wall |
| 18:29 | Build | Palisade Wall |
| 18:31 | Build | Palisade Wall |
| 18:46 | Create | Scout Cavalry |
| 19:08 | Create | Villager (Male) |
| 19:11 | Build | Farm |
| 19:12 | Build | House |
| 19:15 | Build | Farm |
Build order — 微笑矮袋鼠
110 actions detected in the replay
| 0:00 | Create | Villager (Male) |
| 0:01 | Create | Villager (Male) |
| 0:02 | Build | House |
| 0:03 | Build | House |
| 0:10 | Create | Villager (Male) |
| 0:11 | Create | Villager (Male) |
| 1:41 | Create | Villager (Male) |
| 2:03 | Create | Villager (Male) |
| 2:23 | Build | Lumber Camp |
| 2:32 | Create | Villager (Male) |
| 2:55 | Create | Villager (Male) |
| 3:21 | Create | Villager (Male) |
| 3:44 | Create | Villager (Male) |
| 3:44 | Create | Villager (Male) |
| 4:09 | Build | House |
| 4:10 | Create | Villager (Male) |
| 4:22 | Create | Villager (Male) |
| 5:24 | Create | Villager (Male) |
| 5:24 | Create | Villager (Male) |
| 5:38 | Build | Mill |
| 6:00 | Create | Villager (Male) |
| 6:00 | Create | Villager (Male) |
| 6:07 | Research | Loom |
| 6:51 | Research | Feudal Age |
| 7:22 | Build | House |
| 7:57 | Build | Farm |
| 7:58 | Build | Farm |
| 8:31 | Create | Villager (Male) |
| 8:32 | Create | Villager (Male) |
| 9:01 | Age | Feudal Age |
| 9:02 | Build | Stable |
| 9:11 | Create | Villager (Male) |
| 9:16 | Research | Double-Bit Axe |
| 9:21 | Build | House |
| 9:24 | Build | Palisade Wall |
| 9:39 | Create | Villager (Male) |
| 9:41 | Build | Farm |
| 9:43 | Create | Scout Cavalry |
| 9:43 | Create | Scout Cavalry |
| 9:53 | Create | Scout Cavalry |
| 10:05 | Build | House |
| 10:06 | Build | House |
| 10:18 | Research | Horse Collar |
| 10:19 | Create | Villager (Male) |
| 10:21 | Build | Palisade Wall |
| 10:42 | Create | Scout Cavalry |
| 10:55 | Build | Farm |
| 10:57 | Create | Villager (Male) |
| 11:03 | Build | Farm |
| 11:09 | Build | Palisade Wall |
| 11:12 | Build | Palisade Wall |
| 11:21 | Create | Scout Cavalry |
| 11:28 | Build | Farm |
| 11:31 | Create | Villager (Male) |
| 11:56 | Create | Scout Cavalry |
| 12:03 | Create | Villager (Male) |
| 12:23 | Create | Villager (Male) |
| 12:27 | Build | Farm |
| 12:27 | Build | Farm |
| 12:28 | Build | Farm |
| 12:32 | Create | Scout Cavalry |
| 12:40 | Build | House |
| 12:55 | Build | Palisade Wall |
| 12:57 | Create | Scout Cavalry |
| 13:09 | Build | Blacksmith |
| 13:20 | Create | Villager (Male) |
| 13:31 | Create | Scout Cavalry |
| 13:54 | Create | Villager (Male) |
| 13:54 | Create | Villager (Male) |
| 13:58 | Build | House |
| 14:00 | Build | Farm |
| 14:02 | Build | Farm |
| 14:13 | Create | Scout Cavalry |
| 14:15 | Build | Farm |
| 14:16 | Build | Farm |
| 14:16 | Build | Farm |
| 14:19 | Build | House |
| 14:20 | Build | House |
| 14:34 | Build | House |
| 14:37 | Build | House |
| 14:43 | Build | House |
| 14:45 | Build | Palisade Wall |
| 14:51 | Create | Scout Cavalry |
| 15:18 | Create | Scout Cavalry |
| 15:25 | Create | Villager (Male) |
| 15:54 | Create | Scout Cavalry |
| 16:02 | Create | Villager (Male) |
| 16:07 | Build | Farm |
| 16:13 | Create | Villager (Male) |
| 16:18 | Build | Palisade Wall |
| 16:23 | Create | Scout Cavalry |
| 16:44 | Create | Villager (Male) |
| 17:06 | Research | Scale Barding Armor |
| 17:06 | Research | Scale Barding Armor |
| 17:09 | Create | Villager (Male) |
| 17:11 | Build | House |
| 17:27 | Create | Scout Cavalry |
| 17:45 | Create | Villager (Male) |
| 17:46 | Create | Villager (Male) |
| 18:02 | Create | Scout Cavalry |
| 18:17 | Create | Scout Cavalry |
| 18:22 | Create | Villager (Male) |
| 18:35 | Build | Farm |
| 18:36 | Build | Farm |
| 18:36 | Build | Farm |
| 18:36 | Build | Farm |
| 18:40 | Create | Scout Cavalry |
| 18:54 | Create | Scout Cavalry |
| 19:08 | Create | Villager (Male) |
| 19:22 | Create | Scout Cavalry |
Build order — Ryukgit
133 actions detected in the replay
| 0:01 | Create | Villager (Male) |
| 0:02 | Build | House |
| 0:03 | Build | House |
| 0:05 | Create | Villager (Male) |
| 0:05 | Create | Villager (Male) |
| 0:06 | Create | Villager (Male) |
| 1:24 | Create | Villager (Male) |
| 2:01 | Create | Villager (Male) |
| 2:01 | Create | Villager (Male) |
| 2:01 | Create | Villager (Male) |
| 2:21 | Build | Lumber Camp |
| 2:30 | Create | Villager (Male) |
| 2:30 | Create | Villager (Male) |
| 2:30 | Create | Villager (Male) |
| 2:30 | Create | Villager (Male) |
| 2:30 | Create | Villager (Male) |
| 2:50 | Create | Villager (Male) |
| 2:50 | Create | Villager (Male) |
| 2:50 | Create | Villager (Male) |
| 2:50 | Create | Villager (Male) |
| 2:50 | Create | Villager (Male) |
| 3:13 | Create | Villager (Male) |
| 3:13 | Create | Villager (Male) |
| 3:36 | Create | Villager (Male) |
| 4:01 | Build | House |
| 4:07 | Create | Villager (Male) |
| 4:48 | Create | Villager (Male) |
| 5:00 | Create | Villager (Male) |
| 5:49 | Build | Mill |
| 5:50 | Create | Villager (Male) |
| 5:50 | Research | Loom |
| 6:36 | Research | Feudal Age |
| 6:37 | Research | Feudal Age |
| 7:36 | Build | Barracks |
| 7:51 | Create | Villager (Male) |
| 8:51 | Age | Feudal Age |
| 8:53 | Build | Stable |
| 8:56 | Research | Double-Bit Axe |
| 9:05 | Create | Villager (Male) |
| 9:18 | Research | Horse Collar |
| 9:20 | Create | Villager (Male) |
| 9:23 | Build | Palisade Wall |
| 9:27 | Build | House |
| 9:36 | Create | Villager (Male) |
| 9:40 | Create | Scout Cavalry |
| 9:40 | Create | Scout Cavalry |
| 9:45 | Build | Farm |
| 10:04 | Build | Farm |
| 10:09 | Create | Scout Cavalry |
| 10:10 | Create | Scout Cavalry |
| 10:17 | Build | House |
| 10:22 | Create | Villager (Male) |
| 10:28 | Build | Farm |
| 10:35 | Create | Villager (Male) |
| 10:35 | Create | Villager (Male) |
| 10:41 | Build | Farm |
| 10:44 | Build | House |
| 10:47 | Create | Scout Cavalry |
| 11:05 | Build | Palisade Wall |
| 11:08 | Create | Villager (Male) |
| 11:08 | Create | Villager (Male) |
| 11:23 | Build | Farm |
| 11:25 | Create | Scout Cavalry |
| 11:29 | Build | Farm |
| 11:51 | Create | Villager (Male) |
| 11:59 | Create | Villager (Male) |
| 12:06 | Build | Mill |
| 12:11 | Create | Scout Cavalry |
| 12:22 | Build | Farm |
| 12:22 | Build | Farm |
| 12:22 | Build | Farm |
| 12:38 | Build | House |
| 12:44 | Build | Farm |
| 12:45 | Create | Villager (Male) |
| 12:51 | Create | Scout Cavalry |
| 12:51 | Create | Scout Cavalry |
| 12:59 | Create | Villager (Male) |
| 13:02 | Build | Farm |
| 13:22 | Create | Villager (Male) |
| 13:32 | Create | Scout Cavalry |
| 13:34 | Create | Villager (Male) |
| 13:39 | Build | Farm |
| 13:40 | Build | Farm |
| 13:43 | Create | Scout Cavalry |
| 13:44 | Create | Scout Cavalry |
| 13:49 | Build | House |
| 13:59 | Build | Blacksmith |
| 14:00 | Build | Mining Camp |
| 14:04 | Create | Villager (Male) |
| 14:12 | Create | Scout Cavalry |
| 14:18 | Create | Villager (Male) |
| 14:20 | Build | Farm |
| 14:21 | Build | Farm |
| 14:30 | Build | Mill |
| 14:40 | Create | Scout Cavalry |
| 14:57 | Build | Farm |
| 15:00 | Create | Villager (Male) |
| 15:19 | Create | Scout Cavalry |
| 15:22 | Research | Scale Barding Armor |
| 15:24 | Build | Mining Camp |
| 15:29 | Build | Mining Camp |
| 15:33 | Create | Scout Cavalry |
| 15:45 | Build | Farm |
| 15:48 | Build | Farm |
| 15:52 | Build | House |
| 15:54 | Create | Villager (Male) |
| 16:06 | Create | Villager (Male) |
| 16:08 | Research | Forging |
| 16:19 | Create | Scout Cavalry |
| 16:20 | Create | Scout Cavalry |
| 16:23 | Create | Villager (Male) |
| 16:23 | Create | Villager (Male) |
| 16:26 | Build | Farm |
| 16:34 | Build | Palisade Wall |
| 16:36 | Build | Palisade Wall |
| 16:51 | Build | Farm |
| 16:58 | Research | Bloodlines |
| 16:58 | Create | Villager (Male) |
| 16:59 | Create | Villager (Male) |
| 17:05 | Research | Wheelbarrow |
| 17:10 | Build | Palisade Wall |
| 17:12 | Build | Palisade Wall |
| 17:15 | Build | Palisade Wall |
| 17:28 | Build | Lumber Camp |
| 17:46 | Create | Scout Cavalry |
| 17:57 | Build | House |
| 18:09 | Build | Farm |
| 18:09 | Build | Farm |
| 18:34 | Create | Scout Cavalry |
| 19:10 | Create | Scout Cavalry |
| 19:12 | Create | Villager (Male) |
| 19:28 | Research | Castle Age |
| 19:33 | Build | House |
Build order — 復健中
121 actions detected in the replay
| 0:00 | Create | Villager (Male) |
| 0:00 | Create | Villager (Male) |
| 0:01 | Create | Villager (Male) |
| 0:02 | Build | House |
| 0:04 | Build | House |
| 0:15 | Create | Villager (Male) |
| 1:34 | Create | Villager (Male) |
| 1:51 | Create | Villager (Male) |
| 2:01 | Build | Lumber Camp |
| 2:23 | Create | Villager (Male) |
| 2:44 | Create | Villager (Male) |
| 2:57 | Create | Villager (Male) |
| 3:17 | Build | House |
| 3:40 | Create | Villager (Male) |
| 3:53 | Create | Villager (Male) |
| 3:53 | Create | Villager (Male) |
| 4:23 | Build | Mill |
| 4:32 | Create | Villager (Male) |
| 4:41 | Create | Villager (Male) |
| 5:07 | Create | Villager (Male) |
| 6:12 | Create | Villager (Male) |
| 6:21 | Research | Feudal Age |
| 7:04 | Create | Villager (Male) |
| 7:11 | Create | Villager (Male) |
| 7:27 | Build | Barracks |
| 7:33 | Create | Villager (Male) |
| 7:37 | Create | Villager (Male) |
| 8:11 | Build | Palisade Wall |
| 8:31 | Age | Feudal Age |
| 8:33 | Build | Stable |
| 8:36 | Research | Double-Bit Axe |
| 9:00 | Build | House |
| 9:14 | Build | House |
| 9:16 | Create | Villager (Male) |
| 9:19 | Create | Scout Cavalry |
| 9:31 | Build | Farm |
| 9:40 | Create | Villager (Male) |
| 9:41 | Create | Scout Cavalry |
| 9:47 | Research | Horse Collar |
| 10:04 | Create | Villager (Male) |
| 10:09 | Create | Scout Cavalry |
| 10:10 | Create | Scout Cavalry |
| 10:13 | Build | Farm |
| 10:20 | Build | Farm |
| 10:28 | Create | Villager (Male) |
| 10:46 | Create | Scout Cavalry |
| 10:49 | Build | Farm |
| 10:53 | Build | Farm |
| 10:58 | Create | Villager (Male) |
| 11:10 | Research | Loom |
| 11:23 | Create | Scout Cavalry |
| 11:37 | Create | Villager (Male) |
| 11:39 | Build | Farm |
| 11:40 | Build | Farm |
| 11:41 | Build | Farm |
| 11:48 | Create | Scout Cavalry |
| 11:54 | Create | Villager (Male) |
| 12:10 | Create | Scout Cavalry |
| 12:13 | Build | Farm |
| 12:16 | Build | Farm |
| 12:34 | Build | House |
| 12:34 | Build | House |
| 12:39 | Create | Scout Cavalry |
| 12:43 | Create | Villager (Male) |
| 12:50 | Create | Scout Cavalry |
| 12:55 | Build | Farm |
| 12:57 | Build | Farm |
| 13:02 | Create | Villager (Male) |
| 13:18 | Create | Scout Cavalry |
| 13:21 | Build | House |
| 13:22 | Build | House |
| 13:30 | Create | Villager (Male) |
| 13:42 | Build | Blacksmith |
| 13:47 | Create | Scout Cavalry |
| 13:49 | Create | Villager (Male) |
| 14:09 | Create | Scout Cavalry |
| 14:16 | Create | Villager (Male) |
| 14:20 | Research | Scale Barding Armor |
| 14:23 | Build | House |
| 14:28 | Build | Farm |
| 14:29 | Build | Farm |
| 14:31 | Build | Farm |
| 14:38 | Create | Scout Cavalry |
| 14:46 | Create | Villager (Male) |
| 15:01 | Create | Scout Cavalry |
| 15:04 | Build | Farm |
| 15:11 | Create | Villager (Male) |
| 15:18 | Build | Palisade Wall |
| 15:23 | Create | Villager (Male) |
| 15:28 | Build | Mining Camp |
| 15:35 | Create | Scout Cavalry |
| 15:49 | Build | Farm |
| 15:53 | Create | Villager (Male) |
| 16:01 | Create | Scout Cavalry |
| 16:05 | Build | Farm |
| 16:06 | Build | Farm |
| 16:06 | Build | Farm |
| 16:16 | Build | Farm |
| 16:17 | Build | Farm |
| 16:21 | Create | Villager (Male) |
| 16:37 | Create | Scout Cavalry |
| 16:52 | Create | Villager (Male) |
| 17:08 | Build | Palisade Wall |
| 17:13 | Create | Scout Cavalry |
| 17:20 | Create | Villager (Male) |
| 17:22 | Create | Scout Cavalry |
| 17:42 | Build | Stable |
| 17:48 | Build | Watch Tower |
| 17:50 | Create | Villager (Male) |
| 17:54 | Create | Scout Cavalry |
| 17:59 | Create | Villager (Male) |
| 18:16 | Build | House |
| 18:22 | Create | Scout Cavalry |
| 18:31 | Create | Villager (Male) |
| 18:34 | Build | Farm |
| 18:36 | Build | Farm |
| 18:41 | Build | Stable |
| 18:45 | Build | House |
| 18:53 | Create | Scout Cavalry |
| 19:04 | Create | Scout Cavalry |
| 19:06 | Create | Villager (Male) |
Build order — BSL | Dr.Kozmonot
116 actions detected in the replay
| 0:01 | Create | Villager (Male) |
| 0:02 | Build | House |
| 0:04 | Build | House |
| 0:05 | Create | Villager (Male) |
| 0:09 | Create | Villager (Male) |
| 0:13 | Create | Villager (Male) |
| 1:12 | Create | Villager (Male) |
| 1:48 | Build | Settlement |
| 1:49 | Create | Villager (Male) |
| 2:24 | Create | Villager (Male) |
| 2:24 | Create | Villager (Male) |
| 2:38 | Create | Villager (Male) |
| 2:39 | Create | Villager (Male) |
| 3:04 | Create | Villager (Male) |
| 3:22 | Create | Villager (Male) |
| 3:33 | Create | Villager (Male) |
| 4:10 | Create | Villager (Male) |
| 4:10 | Create | Villager (Male) |
| 4:11 | Create | Villager (Male) |
| 4:36 | Create | Villager (Male) |
| 5:06 | Research | Loom |
| 5:56 | Research | Feudal Age |
| 6:59 | Build | Barracks |
| 7:05 | Create | Villager (Male) |
| 7:35 | Create | Villager (Male) |
| 7:51 | Build | House |
| 8:06 | Age | Feudal Age |
| 8:12 | Create | Villager (Male) |
| 8:14 | Build | Archery Range |
| 8:34 | Build | Archery Range |
| 8:41 | Create | Villager (Male) |
| 8:57 | Create | Villager (Male) |
| 9:05 | Create | Archer |
| 9:12 | Build | House |
| 9:37 | Create | Archer |
| 9:38 | Create | Archer |
| 9:44 | Build | Blacksmith |
| 9:50 | Create | Archer |
| 10:12 | Create | Archer |
| 10:12 | Create | Archer |
| 10:21 | Create | Villager (Male) |
| 10:39 | Create | Villager (Male) |
| 10:43 | Create | Archer |
| 10:43 | Create | Archer |
| 10:44 | Create | Archer |
| 10:54 | Build | Settlement |
| 10:59 | Create | Archer |
| 10:59 | Create | Archer |
| 11:03 | Create | Villager (Male) |
| 11:28 | Research | Fletching |
| 11:29 | Create | Archer |
| 11:29 | Create | Archer |
| 11:30 | Create | Archer |
| 11:49 | Create | Archer |
| 12:01 | Build | Watch Tower |
| 12:02 | Create | Archer |
| 12:04 | Create | Villager (Male) |
| 12:06 | Build | Palisade Wall |
| 12:08 | Build | House |
| 12:10 | Build | House |
| 12:16 | Create | Villager (Male) |
| 12:23 | Build | Palisade Gate |
| 12:24 | Build | House |
| 12:33 | Create | Archer |
| 12:56 | Create | Archer |
| 13:04 | Create | Villager (Male) |
| 13:26 | Create | Archer |
| 13:35 | Create | Archer |
| 13:38 | Create | Villager (Male) |
| 13:51 | Build | Farm |
| 13:53 | Build | Farm |
| 13:54 | Build | Farm |
| 14:01 | Build | Farm |
| 14:11 | Create | Archer |
| 14:13 | Create | Villager (Male) |
| 14:20 | Build | House |
| 14:26 | Create | Archer |
| 14:33 | Build | Farm |
| 14:40 | Build | Palisade Wall |
| 14:41 | Create | Villager (Male) |
| 14:52 | Build | Palisade Wall |
| 14:54 | Build | Palisade Wall |
| 14:59 | Create | Archer |
| 15:10 | Create | Archer |
| 15:17 | Create | Villager (Male) |
| 15:25 | Create | Villager (Male) |
| 15:33 | Build | Farm |
| 15:34 | Create | Archer |
| 15:38 | Create | Archer |
| 15:47 | Create | Villager (Male) |
| 16:05 | Create | Archer |
| 16:17 | Build | Farm |
| 16:18 | Create | Villager (Male) |
| 16:20 | Create | Archer |
| 16:28 | Build | Farm |
| 16:37 | Create | Archer |
| 16:45 | Create | Villager (Male) |
| 16:58 | Build | Farm |
| 16:58 | Build | Farm |
| 17:10 | Create | Villager (Male) |
| 17:24 | Build | Farm |
| 17:27 | Create | Archer |
| 17:36 | Create | Villager (Male) |
| 17:37 | Create | Archer |
| 17:43 | Create | Villager (Male) |
| 17:54 | Create | Archer |
| 18:03 | Create | Villager (Male) |
| 18:13 | Create | Archer |
| 18:22 | Create | Archer |
| 18:24 | Create | Villager (Male) |
| 18:43 | Build | House |
| 19:00 | Create | Villager (Male) |
| 19:01 | Create | Archer |
| 19:12 | Create | Archer |
| 19:21 | Create | Villager (Male) |
| 19:25 | Build | House |
Build order — ANKR.ice cream
130 actions detected in the replay
| 0:02 | Research | Loom |
| 0:03 | Build | House |
| 0:04 | Build | House |
| 0:08 | Create | Villager (Male) |
| 0:08 | Create | Villager (Male) |
| 0:10 | Create | Villager (Male) |
| 1:32 | Create | Villager (Male) |
| 2:02 | Build | Lumber Camp |
| 2:06 | Create | Villager (Male) |
| 2:27 | Create | Villager (Male) |
| 2:27 | Create | Villager (Male) |
| 2:46 | Create | Villager (Male) |
| 2:46 | Create | Villager (Male) |
| 3:15 | Create | Villager (Male) |
| 3:15 | Create | Villager (Male) |
| 3:29 | Build | House |
| 3:30 | Build | House |
| 3:47 | Create | Villager (Male) |
| 3:47 | Create | Villager (Male) |
| 4:29 | Create | Villager (Male) |
| 4:29 | Create | Villager (Male) |
| 4:33 | Build | Palisade Wall |
| 5:08 | Create | Villager (Male) |
| 5:27 | Build | Palisade Wall |
| 5:32 | Build | Mining Camp |
| 5:51 | Create | Villager (Male) |
| 5:56 | Build | Palisade Wall |
| 6:09 | Create | Villager (Male) |
| 6:29 | Create | Villager (Male) |
| 7:09 | Research | Feudal Age |
| 7:09 | Research | Feudal Age |
| 8:08 | Build | Barracks |
| 8:39 | Create | Villager (Male) |
| 9:14 | Build | Palisade Wall |
| 9:14 | Build | Palisade Wall |
| 9:19 | Age | Feudal Age |
| 9:22 | Create | Villager (Male) |
| 9:23 | Create | Villager (Male) |
| 9:29 | Build | Archery Range |
| 9:31 | Build | Archery Range |
| 9:42 | Research | Double-Bit Axe |
| 9:57 | Build | Mill |
| 10:01 | Create | Villager (Male) |
| 10:22 | Create | Archer |
| 10:23 | Create | Archer |
| 10:24 | Create | Archer |
| 10:26 | Create | Archer |
| 10:26 | Create | Archer |
| 10:41 | Create | Villager (Male) |
| 10:44 | Build | Blacksmith |
| 11:10 | Create | Archer |
| 11:10 | Create | Archer |
| 11:11 | Create | Villager (Male) |
| 11:16 | Build | Farm |
| 11:19 | Create | Villager (Male) |
| 11:20 | Create | Villager (Male) |
| 11:34 | Build | House |
| 11:40 | Build | Palisade Wall |
| 11:41 | Create | Archer |
| 11:41 | Create | Archer |
| 11:42 | Create | Archer |
| 11:46 | Build | Farm |
| 11:49 | Build | Farm |
| 12:00 | Build | Watch Tower |
| 12:04 | Create | Villager (Male) |
| 12:06 | Create | Archer |
| 12:07 | Create | Archer |
| 12:13 | Build | Palisade Wall |
| 12:26 | Create | Villager (Male) |
| 12:30 | Create | Archer |
| 12:40 | Create | Villager (Male) |
| 12:48 | Build | House |
| 13:00 | Research | Fletching |
| 13:06 | Create | Villager (Male) |
| 13:11 | Build | Farm |
| 13:16 | Create | Villager (Male) |
| 13:26 | Create | Archer |
| 13:31 | Create | Archer |
| 13:37 | Create | Villager (Male) |
| 13:38 | Build | Farm |
| 13:41 | Build | House |
| 13:46 | Create | Villager (Male) |
| 14:11 | Create | Archer |
| 14:20 | Create | Archer |
| 14:21 | Create | Archer |
| 14:22 | Build | Farm |
| 14:23 | Build | Farm |
| 14:30 | Create | Villager (Male) |
| 14:30 | Create | Villager (Male) |
| 14:35 | Create | Archer |
| 14:35 | Create | Archer |
| 14:55 | Create | Villager (Male) |
| 14:58 | Build | House |
| 14:59 | Create | Archer |
| 14:59 | Create | Archer |
| 15:01 | Create | Villager (Male) |
| 15:06 | Create | Villager (Male) |
| 15:06 | Create | Villager (Male) |
| 15:08 | Build | Farm |
| 15:39 | Create | Archer |
| 15:39 | Create | Archer |
| 16:08 | Build | Farm |
| 16:09 | Build | Farm |
| 16:10 | Build | Farm |
| 16:15 | Create | Archer |
| 16:15 | Create | Archer |
| 16:15 | Create | Archer |
| 16:45 | Create | Archer |
| 16:45 | Create | Archer |
| 17:14 | Create | Archer |
| 17:14 | Create | Archer |
| 17:17 | Create | Villager (Male) |
| 17:17 | Create | Villager (Male) |
| 17:19 | Build | Farm |
| 17:21 | Build | Farm |
| 17:22 | Build | Farm |
| 17:48 | Create | Villager (Male) |
| 17:58 | Build | House |
| 18:04 | Create | Archer |
| 18:04 | Create | Archer |
| 18:11 | Build | House |
| 18:12 | Build | Palisade Wall |
| 18:40 | Research | Castle Age |
| 18:40 | Research | Castle Age |
| 18:51 | Build | Lumber Camp |
| 19:05 | Research | Scale Mail Armor |
| 19:09 | Build | Archery Range |
| 19:12 | Build | Archery Range |
| 19:15 | Research | Gold Mining |
| 19:16 | Research | Gold Mining |
Build order — 爱雀大帝
First 150 of 151 actions detected
| 0:01 | Create | Villager (Male) |
| 0:01 | Create | Villager (Male) |
| 0:02 | Build | House |
| 0:04 | Build | House |
| 0:08 | Create | Villager (Male) |
| 0:13 | Create | Villager (Male) |
| 0:13 | Create | Villager (Male) |
| 0:14 | Create | Villager (Male) |
| 1:25 | Create | Villager (Male) |
| 1:25 | Create | Villager (Male) |
| 1:26 | Create | Villager (Male) |
| 2:02 | Create | Villager (Male) |
| 2:05 | Build | Lumber Camp |
| 2:20 | Create | Villager (Male) |
| 2:21 | Create | Villager (Male) |
| 2:21 | Create | Villager (Male) |
| 2:39 | Create | Villager (Male) |
| 2:39 | Create | Villager (Male) |
| 3:06 | Create | Villager (Male) |
| 3:06 | Create | Villager (Male) |
| 3:39 | Create | Villager (Male) |
| 3:44 | Create | Villager (Male) |
| 3:44 | Create | Villager (Male) |
| 3:44 | Create | Villager (Male) |
| 3:52 | Build | House |
| 4:17 | Build | House |
| 4:36 | Create | Villager (Male) |
| 5:07 | Create | Villager (Male) |
| 5:40 | Build | Mining Camp |
| 5:45 | Create | Villager (Male) |
| 5:46 | Research | Loom |
| 6:25 | Research | Feudal Age |
| 6:25 | Research | Feudal Age |
| 7:22 | Create | Villager (Male) |
| 7:22 | Create | Villager (Male) |
| 8:03 | Build | Barracks |
| 8:51 | Age | Feudal Age |
| 8:55 | Research | Double-Bit Axe |
| 8:59 | Build | Archery Range |
| 9:02 | Build | Archery Range |
| 9:36 | Create | Villager (Male) |
| 9:40 | Build | Mill |
| 9:50 | Create | Villager (Male) |
| 9:53 | Build | House |
| 9:59 | Build | House |
| 10:05 | Create | Archer |
| 10:05 | Create | Archer |
| 10:17 | Create | Villager (Male) |
| 10:36 | Create | Archer |
| 10:37 | Create | Archer |
| 10:46 | Create | Villager (Male) |
| 10:59 | Build | House |
| 11:03 | Build | House |
| 11:06 | Build | House |
| 11:10 | Create | Villager (Male) |
| 11:12 | Build | Farm |
| 11:15 | Build | Farm |
| 11:16 | Create | Archer |
| 11:16 | Create | Archer |
| 11:17 | Create | Villager (Male) |
| 11:18 | Create | Villager (Male) |
| 11:38 | Create | Archer |
| 11:39 | Create | Archer |
| 11:44 | Create | Villager (Male) |
| 11:54 | Create | Archer |
| 12:04 | Create | Villager (Male) |
| 12:09 | Build | Palisade Wall |
| 12:15 | Create | Archer |
| 12:16 | Create | Archer |
| 12:22 | Create | Villager (Male) |
| 12:33 | Create | Archer |
| 12:36 | Create | Villager (Male) |
| 12:42 | Build | Blacksmith |
| 12:52 | Create | Villager (Male) |
| 12:59 | Create | Archer |
| 12:59 | Create | Archer |
| 13:31 | Research | Fletching |
| 13:37 | Build | House |
| 13:42 | Create | Archer |
| 13:42 | Create | Archer |
| 13:45 | Create | Villager (Male) |
| 13:46 | Create | Villager (Male) |
| 13:51 | Create | Archer |
| 13:52 | Create | Archer |
| 14:15 | Create | Archer |
| 14:16 | Create | Archer |
| 14:20 | Create | Villager (Male) |
| 14:25 | Build | Town Center |
| 14:33 | Create | Archer |
| 14:36 | Build | House |
| 14:38 | Build | House |
| 14:39 | Create | Villager (Male) |
| 14:58 | Create | Archer |
| 14:59 | Create | Archer |
| 15:01 | Build | Farm |
| 15:12 | Build | Farm |
| 15:13 | Create | Villager (Male) |
| 15:14 | Create | Archer |
| 15:14 | Create | Archer |
| 15:22 | Create | Villager (Male) |
| 15:37 | Create | Villager (Male) |
| 15:45 | Create | Archer |
| 15:45 | Create | Archer |
| 15:48 | Build | House |
| 16:07 | Create | Villager (Male) |
| 16:10 | Build | Farm |
| 16:12 | Build | Farm |
| 16:17 | Build | Farm |
| 16:21 | Build | House |
| 16:30 | Research | Padded Archer Armor |
| 16:50 | Create | Villager (Male) |
| 16:53 | Create | Villager (Male) |
| 16:56 | Create | Archer |
| 16:56 | Create | Archer |
| 17:13 | Create | Villager (Male) |
| 17:15 | Create | Archer |
| 17:15 | Create | Archer |
| 17:18 | Build | House |
| 17:22 | Create | Villager (Male) |
| 17:24 | Build | Farm |
| 17:24 | Build | Farm |
| 17:29 | Build | House |
| 17:32 | Create | Archer |
| 17:32 | Create | Archer |
| 17:34 | Create | Villager (Male) |
| 17:34 | Create | Villager (Male) |
| 17:37 | Build | Farm |
| 17:49 | Build | Farm |
| 17:52 | Create | Villager (Male) |
| 17:58 | Create | Villager (Male) |
| 17:58 | Create | Villager (Male) |
| 18:03 | Build | House |
| 18:14 | Create | Archer |
| 18:14 | Create | Archer |
| 18:19 | Build | Farm |
| 18:22 | Build | Farm |
| 18:35 | Create | Villager (Male) |
| 18:35 | Create | Villager (Male) |
| 18:45 | Build | Lumber Camp |
| 18:52 | Create | Archer |
| 18:52 | Create | Archer |
| 18:53 | Create | Villager (Male) |
| 18:54 | Create | Villager (Male) |
| 19:05 | Create | Villager (Male) |
| 19:16 | Create | Villager (Male) |
| 19:17 | Create | Archer |
| 19:17 | Create | Archer |
| 19:20 | Create | Villager (Male) |
| 19:23 | Build | Farm |
| 19:25 | Build | Farm |
Build order — [TNT] KKKFFFFFFCC
119 actions detected in the replay
| 0:01 | Create | Villager (Male) |
| 0:01 | Create | Villager (Male) |
| 0:01 | Create | Villager (Male) |
| 0:02 | Create | Villager (Male) |
| 0:03 | Build | House |
| 0:04 | Build | House |
| 1:25 | Create | Villager (Male) |
| 1:25 | Create | Villager (Male) |
| 1:51 | Create | Villager (Male) |
| 2:01 | Build | Lumber Camp |
| 2:07 | Create | Villager (Male) |
| 2:48 | Create | Villager (Male) |
| 2:48 | Create | Villager (Male) |
| 3:05 | Create | Villager (Male) |
| 3:28 | Build | House |
| 3:32 | Create | Villager (Male) |
| 3:32 | Create | Villager (Male) |
| 3:58 | Create | Villager (Male) |
| 4:13 | Create | Villager (Male) |
| 4:13 | Create | Villager (Male) |
| 4:43 | Create | Villager (Male) |
| 5:13 | Create | Villager (Male) |
| 5:27 | Research | Loom |
| 5:31 | Build | Mining Camp |
| 6:33 | Build | Barracks |
| 6:43 | Research | Feudal Age |
| 6:43 | Research | Feudal Age |
| 7:54 | Create | Villager (Male) |
| 7:54 | Create | Villager (Male) |
| 8:37 | Build | Palisade Wall |
| 8:41 | Build | Palisade Wall |
| 8:43 | Build | Palisade Wall |
| 8:48 | Create | Villager (Male) |
| 8:53 | Age | Feudal Age |
| 8:56 | Build | Archery Range |
| 8:59 | Build | Archery Range |
| 9:05 | Create | Villager (Male) |
| 9:21 | Build | House |
| 9:28 | Build | House |
| 9:32 | Build | House |
| 9:34 | Create | Villager (Male) |
| 9:42 | Build | Palisade Gate |
| 9:55 | Create | Villager (Male) |
| 9:56 | Create | Archer |
| 10:02 | Build | Blacksmith |
| 10:03 | Create | Archer |
| 10:19 | Create | Archer |
| 10:26 | Build | Mill |
| 10:33 | Create | Archer |
| 10:48 | Build | House |
| 10:51 | Build | Palisade Wall |
| 10:58 | Research | Fletching |
| 10:58 | Research | Fletching |
| 10:58 | Create | Archer |
| 11:13 | Build | House |
| 11:18 | Build | Palisade Wall |
| 11:28 | Create | Villager (Male) |
| 11:36 | Create | Archer |
| 11:48 | Create | Archer |
| 11:55 | Create | Villager (Male) |
| 12:04 | Create | Archer |
| 12:18 | Build | Farm |
| 12:18 | Build | Farm |
| 12:19 | Build | Farm |
| 12:26 | Create | Archer |
| 12:32 | Build | House |
| 12:38 | Create | Archer |
| 12:54 | Create | Archer |
| 12:54 | Create | Archer |
| 13:17 | Create | Villager (Male) |
| 13:31 | Create | Archer |
| 13:31 | Create | Archer |
| 13:42 | Build | House |
| 13:42 | Create | Archer |
| 13:43 | Create | Archer |
| 13:44 | Create | Villager (Male) |
| 13:47 | Build | Farm |
| 13:48 | Build | Farm |
| 13:59 | Build | Palisade Wall |
| 14:02 | Create | Archer |
| 14:06 | Build | Farm |
| 14:09 | Create | Villager (Male) |
| 14:27 | Create | Villager (Male) |
| 14:27 | Create | Villager (Male) |
| 14:33 | Build | Farm |
| 14:37 | Build | Palisade Wall |
| 14:39 | Build | Palisade Wall |
| 14:48 | Create | Archer |
| 14:48 | Create | Archer |
| 14:51 | Create | Villager (Male) |
| 15:15 | Create | Villager (Male) |
| 15:16 | Create | Archer |
| 15:17 | Build | Farm |
| 15:26 | Create | Villager (Male) |
| 15:40 | Build | Farm |
| 15:43 | Build | House |
| 15:44 | Build | Palisade Wall |
| 16:03 | Create | Villager (Male) |
| 16:04 | Build | Farm |
| 16:05 | Create | Archer |
| 16:06 | Create | Archer |
| 16:21 | Build | Palisade Gate |
| 16:27 | Create | Villager (Male) |
| 16:29 | Create | Archer |
| 16:31 | Build | Palisade Wall |
| 16:44 | Build | Farm |
| 16:45 | Create | Archer |
| 17:08 | Create | Villager (Male) |
| 17:09 | Create | Villager (Male) |
| 17:11 | Build | House |
| 17:12 | Build | Palisade Wall |
| 17:31 | Create | Villager (Male) |
| 17:53 | Create | Villager (Male) |
| 18:00 | Build | Farm |
| 18:01 | Build | Farm |
| 18:02 | Build | Farm |
| 18:40 | Create | Villager (Male) |
| 19:14 | Create | Villager (Male) |
| 19:15 | Create | Archer |
Match timeline
| 4:33 | ANKR.ice cream · wall_segment Palisade Wall x11 |
| 5:27 | ANKR.ice cream · wall_segment Palisade Wall x5 |
| 5:56 | ANKR.ice cream · wall_segment Palisade Wall x1 |
| 6:33 | [TNT] KKKFFFFFFCC · first_building Barracks |
| 6:59 | BSL | Dr.Kozmonot · first_building Barracks |
| 7:27 | 復健中 · first_building Barracks |
| 7:36 | Ryukgit · first_building Barracks |
| 8:03 | 爱雀大帝 · first_building Barracks |
| 8:06 | BSL | Dr.Kozmonot · age_up feudal |
| 8:08 | ANKR.ice cream · first_building Barracks |
| 8:11 | 恶魔喧哗 · first_building Barracks |
| 8:11 | 復健中 · wall_segment Palisade Wall x5 |
| 8:14 | BSL | Dr.Kozmonot · first_building Archery Range |
| 8:31 | 復健中 · age_up feudal |
| 8:33 | 復健中 · first_building Stable |
| 8:37 | [TNT] KKKFFFFFFCC · wall_segment Palisade Wall x1 |
| 8:41 | [TNT] KKKFFFFFFCC · wall_segment Palisade Wall x1 |
| 8:43 | [TNT] KKKFFFFFFCC · wall_segment Palisade Wall x1 |
| 8:51 | Ryukgit · age_up feudal |
| 8:51 | 爱雀大帝 · age_up feudal |
| 8:53 | 恶魔喧哗 · age_up feudal |
| 8:53 | Ryukgit · first_building Stable |
| 8:53 | [TNT] KKKFFFFFFCC · age_up feudal |
| 8:56 | [TNT] KKKFFFFFFCC · first_building Archery Range |
| 8:59 | 爱雀大帝 · first_building Archery Range |
| 9:01 | 微笑矮袋鼠 · age_up feudal |
| 9:02 | 微笑矮袋鼠 · first_building Stable |
| 9:08 | 恶魔喧哗 · first_building Stable |
| 9:14 | ANKR.ice cream · wall_segment Palisade Wall x1 |
| 9:14 | ANKR.ice cream · wall_segment Palisade Wall x1 |
| 9:19 | ANKR.ice cream · age_up feudal |
| 9:23 | Ryukgit · wall_segment Palisade Wall x1 |
| 9:24 | 微笑矮袋鼠 · wall_segment Palisade Wall x4 |
| 9:29 | ANKR.ice cream · first_building Archery Range |
| 9:45 | 恶魔喧哗 · wall_segment Palisade Wall x1 |
| 10:21 | 微笑矮袋鼠 · wall_segment Palisade Wall x3 |
| 10:51 | [TNT] KKKFFFFFFCC · wall_segment Palisade Wall x1 |
| 11:05 | Ryukgit · wall_segment Palisade Wall x8 |
| 11:09 | 微笑矮袋鼠 · wall_segment Palisade Wall x2 |
| 11:12 | 微笑矮袋鼠 · wall_segment Palisade Wall x5 |
| 11:18 | [TNT] KKKFFFFFFCC · wall_segment Palisade Wall x6 |
| 11:40 | ANKR.ice cream · wall_segment Palisade Wall x4 |
| 12:06 | BSL | Dr.Kozmonot · wall_segment Palisade Wall x1 |
| 12:09 | 爱雀大帝 · wall_segment Palisade Wall x1 |
| 12:13 | ANKR.ice cream · wall_segment Palisade Wall x15 |
| 12:55 | 微笑矮袋鼠 · wall_segment Palisade Wall x8 |
| 13:05 | 恶魔喧哗 · wall_segment Palisade Wall x5 |
| 13:54 | 恶魔喧哗 · wall_segment Palisade Wall x4 |
| 13:59 | [TNT] KKKFFFFFFCC · wall_segment Palisade Wall x1 |
| 14:32 | 恶魔喧哗 · wall_segment Palisade Wall x1 |
| 14:36 | 恶魔喧哗 · wall_segment Palisade Wall x1 |
| 14:37 | [TNT] KKKFFFFFFCC · wall_segment Palisade Wall x2 |
| 14:39 | [TNT] KKKFFFFFFCC · wall_segment Palisade Wall x8 |
| 14:40 | BSL | Dr.Kozmonot · wall_segment Palisade Wall x10 |
| 14:45 | 微笑矮袋鼠 · wall_segment Palisade Wall x1 |
| 14:52 | BSL | Dr.Kozmonot · wall_segment Palisade Wall x2 |
| 14:54 | BSL | Dr.Kozmonot · wall_segment Palisade Wall x1 |
| 15:18 | 復健中 · wall_segment Palisade Wall x8 |
| 15:44 | [TNT] KKKFFFFFFCC · wall_segment Palisade Wall x9 |
| 16:18 | 微笑矮袋鼠 · wall_segment Palisade Wall x8 |
| 16:20 | 恶魔喧哗 · wall_segment Palisade Wall x5 |
| 16:31 | [TNT] KKKFFFFFFCC · wall_segment Palisade Wall x9 |
| 16:34 | Ryukgit · wall_segment Palisade Wall x1 |
| 16:36 | Ryukgit · wall_segment Palisade Wall x6 |
| 17:08 | 復健中 · wall_segment Palisade Wall x1 |
| 17:10 | Ryukgit · wall_segment Palisade Wall x1 |
| 17:12 | [TNT] KKKFFFFFFCC · wall_segment Palisade Wall x2 |
| 17:12 | Ryukgit · wall_segment Palisade Wall x4 |
| 17:15 | Ryukgit · wall_segment Palisade Wall x6 |
| 18:12 | ANKR.ice cream · wall_segment Palisade Wall x1 |
| 18:28 | 恶魔喧哗 · wall_segment Palisade Wall x1 |
| 18:29 | 恶魔喧哗 · wall_segment Palisade Wall x1 |
| 18:31 | 恶魔喧哗 · wall_segment Palisade Wall x1 |
| 19:15 | 復健中 · resign |
[ AI ANALYSIS · 1 CREDIT ]
What really happened in this match?
Wolo.gg analyzes every decision: build order, eco, micro, common mistakes by bracket. Personalized analysis on WhatsApp or Discord in 30 seconds.
Civ guide
Wei
Perfil
Yukgit (CNZS_恶魔喧哗)